AoeStats
← TKBXPT2214

Lombardia

509197868Analyzed
4v4 RM · 7d ago on Sep 25, 2026· 23m 28s· 8 players
Game mode
Random Map
Map size
Large (8 player)
Population
200
Speed
Normal
Resources
Standard
Victory
Conquest
Starting age
Dark Age
Ending age
Imperial Age
RankedLock teamsTeams togetherTeam positionsShared explorationLock speedFull tech treeHidden civsTurbo modeCheats
Victory
Defeat
🇲🇽 Mongols · Mexico
1180
+13
🇫🇷 Lithuanians · France
1174
+13
🇹🇷 Mapuche · Türkiye
1164
+14
🇺🇸 Varangians · United States
1153
+14
🇬🇹 Malay · Guatemala
1137
-15
🇨🇳 Byzantines · China
1111
-13
🇦🇷 Chinese · Argentina
1101
-13
🇨🇦 Vietnamese · Canada
1101
-13
Tribal4468
9:02 Loom
10:47 Feudal Age
11:45 Double-Bit Axe
13:25 Bloodlines
14:29 Wheelbarrow
14:14 Bloodlines
17:32 Forging
19:41 Scale Barding Armor
23:39 Castle Age
Cesar
4:08 Loom
11:33 Feudal Age
16:50 Castle Age
15:31 Stone Mining
15:27 Double-Bit Axe
15:31 Horse Collar
16:47 Gold Mining
fairoz05329
10:33 Feudal Age
15:02 Castle Age
12:57 Double-Bit Axe
16:32 Loom
17:16 Horse Collar
23:03 Bow Saw
12345
0:39 Loom
11:18 Feudal Age
12:01 Double-Bit Axe
18:59 Castle Age
17:20 Gold Mining
17:37 Stone Mining
17:50 Horse Collar
19:58 Heavy Plow
20:08 Bow Saw
21:45 Wheelbarrow
20:55 Town Watch
ViChoc
4:52 Loom
12:58 Feudal Age
GrandMasterTitties
10:33 Loom
12:19 Feudal Age
16:40 Castle Age
14:32 Double-Bit Axe
18:39 Wheelbarrow
19:57 Hand Cart
21:25 Horse Collar
21:56 Bow Saw
22:31 Fletching
king vitt
0:29 Loom
15:27 Feudal Age
17:02 Wheelbarrow
16:09 Horse Collar
16:18 Double-Bit Axe
20:52 Castle Age
22:09 Hand Cart
21:59 Heavy Plow
22:12 Bow Saw
TKBXPT2214
0:31 Loom
11:41 Feudal Age
13:44 Wheelbarrow
17:06 Stone Mining
17:10 Gold Mining
17:15 Double-Bit Axe
23:28 Castle Age
Connection lost

Rejoining the realm…

Still unreachable

The connection could not be restored.

Session expired

The server has moved on; the page needs a fresh start.